AoeStats
← Chitreano

Coastal Forest

510448329Analyzed
4v4 RM · 1d ago on Oct 1, 2026· 56m 34s· 8 players
Game mode
Random Map
Map size
Large (8 player)
Population
200
Speed
Normal
Resources
Standard
Victory
Conquest
Starting age
Dark Age
Ending age
Imperial Age
RankedLock teamsTeams togetherTeam positionsShared explorationLock speedFull tech treeHidden civsTurbo modeCheats
Victory
Defeat
🇺🇸 Wu · United States
1337
+12
🇺🇸 Varangians · United States
1284
+14
🇺🇸 Huns · United States
1254
+15
🇺🇸 Britons · United States
1250
+15
🇨🇦 Persians · Canada
1253
-15
🇵🇦 Britons · Panama
1234
-14
🇵🇦 Malay · Panama
1228
-14
🇵🇦 Mongols · Panama
1212
-13
Draginosaur
2:38 Loom
10:17 Feudal Age
12:29 Fletching
14:05 Padded Archer Armor
14:08 Double-Bit Axe
19:39 Wheelbarrow
22:19 Horse Collar
27:41 Castle Age
27:53 Elite Skirmisher
29:23 Bow Saw
29:25 Heavy Plow
29:25 Bodkin Arrow
29:46 Leather Archer Armor
33:46 Town Watch
36:02 Scale Barding Armor
36:07 Forging
39:44 Chain Barding Armor
39:59 Iron Casting
43:32 Hand Cart
43:17 Town Patrol
46:12 Imperial Age
45:36 Chain Barding Armor
45:16 Scale Mail Armor
45:51 Iron Casting
46:15 Bloodlines
46:05 Husbandry
48:10 Gold Mining
51:10 Plate Barding Armor
51:35 Blast Furnace
50:49 Elite Jarl
52:38 Bracer
52:49 Stone Mining
55:26 Ballistics
BittyTingo
9:04 Loom
10:54 Feudal Age
12:20 Double-Bit Axe
12:34 Gold Mining
18:19 Castle Age
18:48 Bloodlines
18:46 Scale Barding Armor
18:51 Forging
20:44 Chain Barding Armor
20:34 Forging
25:51 Horse Collar
26:23 Bow Saw
29:33 Husbandry
30:47 Forging
31:42 Wheelbarrow
30:52 Town Watch
33:18 Iron Casting
33:10 Hand Cart
33:27 Heavy Plow
36:28 Imperial Age
35:18 Light Cavalry
36:47 Cavalier
38:04 Plate Barding Armor
38:29 Blast Furnace
38:04 Paladin
39:32 Fishing Lines
40:21 Hussar
41:47 Gillnets
52:17 Town Patrol
53:47 Conscription
OfFspRlNg
9:39 Feudal Age
10:24 Double-Bit Axe
11:09 Horse Collar
15:37 Scale Barding Armor
15:37 Loom
22:19 Castle Age
24:02 Bow Saw
23:54 Heavy Plow
29:06 Ballistics
31:24 Imperial Age
30:13 Ballistics
30:15 Scale Mail Armor
31:38 Squires
31:24 Arson
31:57 Chain Mail Armor
31:53 Forging
32:25 Wheelbarrow
32:55 Fletching
34:09 Chemistry
33:57 Elite Fire Archer
34:58 Bodkin Arrow
35:50 Conscription
35:58 Bracer
36:31 Hand Cart
36:52 Red Cliffs Tactics
36:57 Pikeman
37:41 Halberdier
38:56 Forging
44:45 Plate Mail Armor
44:51 Iron Casting
46:02 Padded Archer Armor
46:34 Treadmill Crane
52:53 Leather Archer Armor
53:39 Blast Furnace
53:56 Sitting Tiger
skeletor
8:25 Loom
10:11 Feudal Age
15:12 Castle Age
13:45 Double-Bit Axe
13:56 Fishing Lines
14:55 Fletching
15:15 Crossbowman
16:29 Bodkin Arrow
19:13 Gillnets
19:31 Padded Archer Armor
26:55 Bow Saw
28:29 Leather Archer Armor
28:44 Ballistics
32:22 Wheelbarrow
34:50 Hand Cart
40:11 Imperial Age
40:14 Arbalester
40:57 Bracer
42:19 Ring Archer Armor
44:28 Chemistry
46:32 Treadmill Crane
48:05 Two-Man Saw
51:18 Elite Skirmisher
52:13 Masonry
52:18 Gold Mining
52:48 Caravan
54:26 Clinker Construction
55:26 Yeomen
55:34 Yeomen
55:54 Hoardings
56:09 Carvel Hull
56:48 Conscription
Chitreano
6:11 Loom
8:55 Feudal Age
10:24 Double-Bit Axe
15:44 Scale Barding Armor
18:53 Bloodlines
19:04 Bloodlines
24:20 Horse Collar
27:28 Castle Age
26:34 Forging
30:10 Bow Saw
30:03 Heavy Plow
31:44 Fletching
31:57 Padded Archer Armor
32:59 Wheelbarrow
32:23 Gold Mining
32:32 Town Watch
34:27 Gold Shaft Mining
34:19 Bodkin Arrow
34:53 Ballistics
36:53 Hand Cart
37:29 Town Patrol
42:49 Imperial Age
41:20 Leather Archer Armor
41:25 Masonry
43:38 Heavy Cavalry Archer
44:44 Parthian Tactics
44:23 Bracer
48:57 Chemistry
50:50 Conscription
49:56 Elite Mangudai
OnlyFarms
9:10 Feudal Age
10:34 Double-Bit Axe
14:31 Fletching
15:15 Padded Archer Armor
23:54 Castle Age
23:58 Crossbowman
24:49 Bodkin Arrow
25:14 Leather Archer Armor
27:50 Ballistics
30:39 Gold Mining
31:46 Bow Saw
38:11 Imperial Age
36:21 Wheelbarrow
38:26 Arbalester
39:09 Bracer
39:40 Ring Archer Armor
41:22 Chemistry
50:14 Elite Skirmisher
56:37 Hand Cart
56:44 Hand Cart
hlezcano91
7:54 Loom
10:01 Feudal Age
10:04 Double-Bit Axe
12:50 Man-at-Arms
15:12 Forging
15:44 Wheelbarrow
24:12 Castle Age
23:24 Horse Collar
23:38 Gold Mining
23:12 Long Swordsman
24:32 Iron Casting
24:47 Bow Saw
31:45 Arson
32:01 Squires
33:58 Hand Cart
39:29 Imperial Age
39:19 Conscription
40:40 Blast Furnace
40:15 Forced Levy
40:24 Two-Handed Swordsman
46:40 Pikeman
47:42 Halberdier
50:23 Fletching
50:34 Padded Archer Armor
52:09 Elite Skirmisher
52:47 Bodkin Arrow
TrueDisplay
11:49 Feudal Age
10:06 Loom
11:52 Feudal Age
13:11 Double-Bit Axe
13:38 Gold Mining
15:55 Castle Age
14:33 Scale Barding Armor
14:38 Forging
16:14 Bloodlines
18:16 Horse Collar
25:19 Stone Mining
28:25 Wheelbarrow
30:23 Imperial Age
30:10 Husbandry
30:33 Chain Barding Armor
30:48 Iron Casting
30:06 Cavalier
32:00 Plate Barding Armor
32:13 Savar
33:40 Bow Saw
36:07 Blast Furnace
36:55 Conscription
40:37 Hand Cart
41:44 Town Watch
52:31 Gold Shaft Mining
54:01 Elite Skirmisher
54:49 Thumb Ring
54:41 Fletching
54:51 Padded Archer Armor
55:53 Bodkin Arrow
56:17 Leather Archer Armor
Connection lost

Rejoining the realm…

Still unreachable

The connection could not be restored.

Session expired

The server has moved on; the page needs a fresh start.